 Dungeon Crawl Stone Soup version 0.31.0-9-g3a7656b989 (webtiles) character file.

Game seed: 6565120726297664351

117 Skeral the Firebug (level 5, -1/28 HPs)
             Began as a Gargoyle Fire Elementalist on Jan 24, 2024.
             Slain by an orc wizard
             ... wielding a +0 dagger
              (4 damage)
             ... on level 3 of the Dungeon.
             The game lasted 00:06:47 (2492 turns).

Skeral the Firebug (Gargoyle Fire Elementalist)     Turns: 2492, Time: 00:06:48

Health: -1/28      AC: 10    Str: 11    XL:     5   Next: 1%
Magic:  9/9        EV: 11    Int: 18    God:
Gold:   89         SH:  0    Dex: 10    Spells: 7/10 levels left

rFire   + + .        b - staff of fire {!a}
rCold   + . .        (no shield)
rNeg    + . .        s - +0 robe
rPois   ∞            (no helmet)
rElec   +            i - +0 cloak
rCorr   +            q - +2 pair of gloves "Qoesalam" {Rampage rElec}
SInv    .            (no boots)
Will    .....        (no amulet)
Stlth   ++           (no ring)
HPRegen 0.24/turn    (no ring)
MPRegen 0.11/turn

%: rampage
@: brilliant, resistant
A: sickness immunity, AC +4, negative energy resistance 1, electricity
resistance, torment resistance 1, petrification resistance
a: no special abilities


You were on level 3 of the Dungeon.
You visited 1 branch of the dungeon, and saw 3 of its levels.

You collected 89 gold pieces.


Innate Abilities, Weirdness & Mutations

You are immune to sickness and miasma.
Your stone body is resilient. (AC +4)
You are immune to poison.
You resist negative energy. (rN+)
You are resistant to electric shocks. (rElec)
You are resistant to unholy torment.
You are immune to petrification.


   Skills:
 + Level 0.3 Fighting
 - Level 1.5 Dodging
 - Level 2.1 Stealth
 - Level 3.1 Spellcasting
 + Level 2.9 Conjurations
 + Level 4.0 Fire Magic


You had 7 spell levels left.
You knew the following spells:

 Your Spells              Type           Power      Damage    Failure   Level
f - Foxfire               Conj/Fire      100%       2x1d9     3%          1
s - Scorch                Fire           76%        2d8       4%          2

Your spell library contained the following spells:

 Spells                   Type           Power      Damage    Failure   Level
 Sting                    Conj/Alch      48%        1d6       9%          1
 Apportation              Tloc           8%         N/A       16%         1
 Inner Flame              Hex/Fire       22%        N/A       22%         3
 Volatile Blastmotes      Fire/Tloc      44%        2d13      22%         3
 Jinxbite                 Hex            8%         N/A       24%         2
 Mercury Vapours          Alch/Air       8%         N/A       24%         2
 Flame Wave               Conj/Fire      34%        2d10      36%         4
 Fulminant Prism          Conj/Alch      6%         3d7       65%         4
 Iskenderun's Mystic Bla  Conj/Tloc      12%        2d5       65%         4
 Olgreb's Toxic Radiance  Alch           4%         N/A       85%         4
 Alistair's Intoxication  Alch           2%         N/A       99%         5

Inventory:

Hand Weapons
 a - a +2 dagger of speed
   (You took it off a kobold on level 3 of the Dungeon)
Missiles
 l - a throwing net {=f!f}
Armour
 i - a +0 cloak (worn)
   (You found it on level 1 of the Dungeon)
 q - the +2 pair of gloves "Qoesalam" (worn) {Rampage rElec}
   (You found it on level 3 of the Dungeon)

   rElec:     It insulates you from electricity.
   Rampage:   It bestows one free step when moving towards enemies.
 s - a +0 robe (worn)
Magical Staves
 b - a staff of fire (weapon) {!a}
   (You found it on level 1 of the Dungeon)
Scrolls
 c - a scroll of noise {unknown}
 g - a scroll of immolation {unknown}
 h - 3 scrolls of identify {unknown}
 k - a scroll of enchant armour {unknown}
 n - a scroll of poison {unknown}
 o - 2 scrolls of teleportation {unknown}
 p - a scroll of blinking {unknown}
 r - a scroll of fog {unknown}
Potions
 d - a potion of brilliance
 m - 2 potions of curing {@q1}

Dungeon Overview and Level Annotations

Branches:
Dungeon (3/15) Zot: 15502

Altars:

Annotations:
D:2 1 runed translucent door, Crazy Yiuf

#.# #.##.# #.## #.##
#.##.### #.# #..# #......#
#.## ##.# #......# ##.##
## #.# #.<....# ##.#
.#########.# #......# ##.
........##.# #......### ##
..#####.##.######{###....#
...............)@.# ####.#
....###.#..##.##### #.#
...........##.# #.# ####
.....####.###.# #.# #...
.....####.# #.# #)# #.##
...>......# #.# #.# #.#
.##..###### #.#
###.#####.# ###..# #.#
#.........# #..# #.#
#.#.#######


There were no monsters in sight!


Message History

You feel a surge of power!
Flames lash the orc.
The orc's fire resistance burns away.
The orc wizard gestures at you while chanting.
You resist with some effort. 😕 HP[+1] MP[-2]
You lost 2 mp, and now have 3/8 mp.
Casting: Scorch (safe; 4% risk of failure)
Confirm with . or Enter, or press ? or * to list all spells.
You feel a surge of power!
Flames lash the orc.
You kill the orc!
Your Fire Magic skill increases to level 4!
You have reached level 5! 😕 HP[+3] MP[-2]
You now have 28 max hp (+4).
You regained 3 hp, and now have 24/28 hp.
You lost 2 mp, and now have 1/9 mp.
You hit the orc wizard but do no damage.
The orc throws a boomerang.
The boomerang hits you.
The orc wizard hits you but does no damage.
You closely miss the orc wizard.
The orc wizard hits you but does no damage.
You hit the orc wizard but do no damage.
The orc hits you but does no damage.
The orc wizard points at you and mumbles some strange words.
The magic dart hits you! 😮 HP[-9] MP[+1]
You take 9 damage, and now have 15/28 hp.
MASSIVE DAMAGE!! (PAUSE)
Casting: Scorch (safe; 4% risk of failure)
Confirm with . or Enter, or press ? or * to list all spells.
You feel a surge of power!
Flames lash the orc.
You kill the orc!
The orc wizard mumbles some strange words.
The orc wizard flickers and vanishes!
Deactivating autopickup; reactivate with Ctrl-A. 😮 HP[+1] MP[-2]
You lost 2 mp, and now have 0/9 mp.
You closely miss something. Something hits you but does no damage.
You closely miss something. Something hits you but does no damage.
You hear some strange, mumbled words.
A magic dart appears from out of thin air!
The magic dart hits you!
* * * LOW HITPOINT WARNING * * *
😨 HP[-7]
You take 7 damage, and now have 9/28 hp.
MASSIVE DAMAGE!! (PAUSE) It was a potion of brilliance.
You feel clever all of a sudden. Something hits you but does no damage.
It was a potion of resistance.
You feel protected.
Something hits you but does no damage. 😨 HP[+1]
You miss something. Something hits you.
* * * LOW HITPOINT WARNING * * *
😱 HP[-3]
You take 3 damage, and now have 7/28 hp.
It was a potion of curing.
You feel better.
You hear some strange, mumbled words.
You are confused. 😨 HP[+6]
You regained 6 hp, and now have 13/28 hp.
You bump into the rock wall.
Something hits you but does no damage. 😨 MP[+1]
Something hits you.
* * * LOW HITPOINT WARNING * * *
Things that are here:
a +0 whip; a boomerang; a +0 dagger; 😨 HP[-1]
You take 1 damage, and now have 12/28 hp.
You completely miss something. Something hits you but does no damage.
You're too confused to cast spells.
You bump into the rock wall.
Something hits you.
* * * LOW HITPOINT WARNING * * *
😨 HP[-3]
You take 3 damage, and now have 9/28 hp.
You feel better.
You hear some strange, mumbled words.
A magic dart appears from out of thin air!
The magic dart hits you!
* * * LOW HITPOINT WARNING * * *
😱 HP[-2]
You take 2 damage, and now have 7/28 hp.
Casting: Scorch (safe; 4% risk of failure)
Confirm with . or Enter, or press ? or * to list all spells.
You feel a strong surge of power!
Flames lash something.
Something hits you but does no damage. 😨 HP[+1] MP[-1]
You lost 1 mp, and now have 0/9 mp.
You closely miss something. Something hits you.
* * * LOW HITPOINT WARNING * * *
😱 HP[-4]
You take 4 damage, and now have 4/28 hp.
You miss something. Something hits you.
* * * LOW HITPOINT WARNING * * *
😱 HP[-1]
You take 1 damage, and now have 3/28 hp.
You aren't carrying any items that you can evoke.
Unknown command.
Magic courses through your body. Something hits you.
You die...

Skill      XL: |  1  2  3  4 |
---------------+-------------+-----
Conjurations   | 2 |  2.9
Spellcasting   | 3 |  3.1
Fire Magic     | 4 |  4.0
Fighting       | |  0.3
Dodging        | |  1.5
Stealth        | |  2.1

Action                     |  1- 3 |  4- 6 || total
---------------------------+-------+-------++-------
  Melee: Unarmed           |     4 |       ||     4
         Dagger            |     7 |       ||     7
         Staff             |     6 |    22 ||    28
   Cast: Foxfire           |    28 |     8 ||    36
         Scorch            |    10 |    24 ||    34
    Use: Potion            |       |     5 ||     5
 Armour: Robe              |    21 |    33 ||    54
  Dodge: Dodged            |    19 |    12 ||    31

Levels and vault maps discovered:
D:1:      giann_forest_graveyard, layout_basic, serial_forest,
          infiniplex_forest_clump_small, infiniplex_forest_straight_4,
          infiniplex_forest_lined_1, infiniplex_forest_lined_3_way,
          infiniplex_forest_straight_5, infiniplex_forest_clump_diagonal,
          chequers_ecumenical_altar_lobes
D:2:      layout_basic, uniq_crazy_yiuf_cottage
D:3:      layout_loops_ring, lemuel_flame_loot_1

Notes
Turn   | Place    | Note
-------+----------+-------------------------------------------
     0 | D:1      | Skeral the Gargoyle Fire Elementalist began the quest for
                  | the Orb.
     0 | D:1      | Reached XP level 1. HP: 10/10 MP: 3/3
     0 | D:1      | magus.rc [v1.10.3]
   320 | D:1      | Reached XP level 2. HP: 15/15 MP: 0/5
   391 | D:1      | You pick up a book of Blasting and begin reading...
   391 | D:1      | You add the spells Fulminant Prism and Iskenderun's Mystic
                  | Blast to your library.
   424 | D:1      | Found a faded altar of an unknown god.
   610 | D:1      | Learned a level 2 spell: Scorch
   818 | D:2      | Reached skill level 2 in Conjurations
   818 | D:2      | Reached XP level 3. HP: 15/19 MP: 0/6
   917 | D:2      | You add the spells Sting, Mercury Vapours and Olgreb's
                  | Toxic Radiance to your library.
  1247 | D:2      | Found a runed translucent door.
  1248 | D:2      | Noticed Crazy Yiuf
  1296 | D:2      | Reached XP level 4. HP: 24/24 MP: 1/8
  1556 | D:2      | Reached skill level 3 in Spellcasting
  1577 | D:2      | You pick up a book of Party Tricks and begin reading...
  1577 | D:2      | You add the spells Apportation, Jinxbite and Alistair's
                  | Intoxication to your library.
  1986 | D:3      | Identified the +2 pair of gloves "Qoesalam" {Rampage rElec}
  2474 | D:3      | Reached skill level 4 in Fire Magic
  2474 | D:3      | Reached XP level 5. HP: 24/28 MP: 1/9
  2482 | D:3      | HP: 7/28 [something (3)]
  2488 | D:3      | HP: 7/28 [something/magic dart (7)]
  2491 | D:3      | HP: 3/28 [something (1)]
  2492 | D:3      | Slain by an orc wizard

Vanquished Creatures
  3 gnolls (D:2)
  3 adders (D:2)
  A ribbon worm (D:2)
  4 orcs (D:3)
  4 bats
  7 endoplasms
  A giant cockroach (D:2)
  5 goblins
  3 hobgoblins (D:3)
  3 jackals (D:1)
  A quokka (D:3)
  6 ball pythons
  A frilled lizard (D:1)
  5 kobolds
  4 rats
51 creatures vanquished.

Vanquished Creatures (collateral kills)
  2 foxfires (D:1)
2 creatures vanquished.

Vanquished Creatures (others)
  56 foxfires
56 creatures vanquished.

Grand Total: 109 creatures vanquished

Table legend:
 A = Non-vault XP
 B = Vault XP
 C = Vault XP percentage of total XP
 D = Non-vault monster count
 E = Vault monster count
 F = Vault count percentage of total count
                 A         B        C        D         E       F
            +---------+---------+-------+---------+---------+-------
      Total |     168 |       0 |   0.0 |      51 |       0 |   0.0
            +---------+---------+-------+---------+---------+-------
        D:1 |      23 |       0 |   0.0 |      13 |       0 |   0.0
        D:2 |     107 |       0 |   0.0 |      19 |       0 |   0.0
        D:3 |      38 |       0 |   0.0 |      19 |       0 |   0.0
            +---------+---------+-------+---------+---------+-------

Skill      XL: |  1  2  3  4 |
---------------+-------------+-----
Conjurations   | 2 |  2.9
Spellcasting   | 3 |  3.1
Fire Magic     | 4 |  4.0
Fighting       | |  0.3
Dodging        | |  1.5
Stealth        | |  2.1

Action                     |  1- 3 |  4- 6 || total
---------------------------+-------+-------++-------
  Melee: Unarmed           |     4 |       ||     4
         Dagger            |     7 |       ||     7
         Staff             |     6 |    22 ||    28
   Cast: Foxfire           |    28 |     8 ||    36
         Scorch            |    10 |    24 ||    34
    Use: Potion            |       |     5 ||     5
 Armour: Robe              |    21 |    33 ||    54
  Dodge: Dodged            |    19 |    12 ||    31

Illustrated notes

Table legend:
 A = Kills in this place as a percentage of kills in the entire game.
 B = Kills by you in this place as a percentage of kills by you in the entire game.
 C = Kills by friends in this place as a percentage of kills by friends in the entire game.
 D = Other kills in this place as a percentage of other kills in the entire game.
 E = Experience gained in this place as a percentage of experience gained in the entire game.
 F = Experience gained in this place divided by the number of levels of this place that you have seen.
                   A       B       C       D       E      F
               +-------+-------+-------+-------+-------+----------------------
         Total | 100.0 | 100.0 |   N/A |   N/A | 100.0 |  56.0
       Dungeon | 100.0 | 100.0 |   N/A |   N/A | 100.0 |  56.0
               +-------+-------+-------+-------+-------+----------------------

Table legend: (Time is in decaauts)
 A = Elapsed time spent in this place.
 B = Non-inter-level travel time spent in this place.
 C = Inter-level travel time spent in this place.
 D = Time resting spent in this place.
 E = Time spent auto-exploring this place.
 F = Levels seen in this place.
 G = Mean time per level.
                   A        B        C        D        E       F      G
               +--------+--------+--------+--------+--------+-----+--------+
         Total |   2496 |   2392 |    104 |    260 |   1321 |   3 |  832.0 |
       Dungeon |   2496 |   2392 |    104 |    260 |   1321 |   3 |  832.0 |
               +--------+--------+--------+--------+--------+-----+--------+

Top non-repeatable levels by time:
     D:2: 940 daAuts
     D:1: 786 daAuts
     D:3: 769 daAuts
